[Event "Early-Titled-Tuesday-Blitz-February-06-2024"]
[Site "Chess.com"]
[Date "2024.02.06"]
[Round "5"]
[White "EvgenyBurmakin"]
[Black "bilosuvenosu06"]
[Result "1-0"]
[WhiteElo "2447"]
[BlackElo "2587"]
[TimeControl "180+1"]
[EndTime "8:55:06 PST"]
[Termination "EvgenyBurmakin won by resignation"]

1. e4 c5 2. Nc3 g6 3. d4 Bg7 4. d5 d6 5. h3 Nf6 6. Nf3 a6 7. a4 Nbd7 8. Be2 O-O 9. O-O h6 10. Bf4 Kh7 11. Qd2 b6 12. Rfe1 Re8 13. Bf1 Nh5 14.
Bh2 Ne5 15. Nxe5 dxe5 16. Rad1 Qd6 17. g3 Bd7 18. f4 Rad8 19. f5 Bf6 20. Bxa6 Bg5 21.
Qf2 Ng7 22. h4 Bf6 23. g4 g5 24. Bg3 Ra8 25. Bb5 Rec8 26. b3 Ne8 27. Qh2 Kg7 28. Bxd7 Qxd7 29. Bxe5 c4 30. b4 Nc7 31.
Bxf6+ exf6 32. e5 Ne8 33. e6 Qd6 34. Ne4 Qxh2+ 35. Kxh2 Rxa4 36. d6 Nxd6 37. Nxd6 Rb8 38.
e7 Ra2 39. e8=Q Rxe8 40. Nxe8+ Kf8 41. Nxf6 Rxc2+ 42. Kg3 Rc3+ 43. Kf2 Rb3 44. hxg5 hxg5 45. Re8+ Kg7 46. Nh5+ Kh7 47. Rd7 Rb2+ 48. Ke3 Rb3+ 49.
Ke4 1-0

[Event "Early-Titled-Tuesday-Blitz-February-06-2024"]
[Site "Chess.com"]
[Date "2024.02.06"]
[Round "5"]
[White "Alex_Sahakyan2006"]
[Black "artooon"]
[Result "0-1"]
[WhiteElo "2887"]
[BlackElo "3055"]
[TimeControl "180+1"]
[EndTime "8:55:07 PST"]
[Termination "artooon won by resignation"]

1. e4 e5 2. Nf3 Nc6 3. Bb5 Nf6 4. O-O a6 5. Ba4 d6 6. d4 b5 7. Bb3 Nxd4 8. Nxd4 exd4 9. c3 dxc3 10. Nxc3 Be7 11. Qf3 Bb7 12. Qg3 O-O 13. Bh6 Ne8 14. Nd5 Bh4 15.
Qg4 Bc8 16. Qf3 gxh6 17. e5 c6 18. Ne3 d5 19. Bc2 Ng7 20. g3 Bg5 21. h4 Bxe3 22.
Qxe3 Bf5 23. Rac1 Qe8 24. Qxh6 Qxe5 25. Bxf5 Qxf5 26. Rxc6 d4 27. Rf6 Qe5 28. Rf4 d3 29. Rg4 Rad8 30. Rd1 f5 31. Rg5 d2 32. Kh2 Rf7 33.
Qxa6 Qe2 34. Qb6 Re8 35. Qc6 Qxf2+ 36. Kh3 Re2 37. Qa8+ Rf8 38. Qd5+ Kh8 39. Rh1 d1=Q 0-1

[Event "Early-Titled-Tuesday-Blitz-February-06-2024"]
[Site "Chess.com"]
[Date "2024.02.06"]
[Round "5"]
[White "Baby_Legs"]
[Black "Jenia84"]
[Result "1-0"]
[WhiteElo "2646"]
[BlackElo "2313"]
[TimeControl "180+1"]
[EndTime "8:55:07 PST"]
[Termination "Baby_Legs won on time"]

1. c4 Nf6 2. Nc3 e5 3. g3 Nc6 4. Bg2 d6 5. d3 g6 6. e4 Bg7 7. Nge2 O-O 8. h3 Nd4 9. Nxd4 exd4 10. Ne2 c5 11. Bd2 Bd7 12. O-O Qc8 13. Kh2 Rb8 14. a4 b6 15. b4 Nh5 16. g4 Nf6 17. Ng3 Ne8 18. f4 Nc7 19. b5 Qe8 20. Qf3 Qe7 21. a5 Qh4 22. axb6 axb6 23. Ra7 Rfc8 24. Rfa1 Be8 25. Ne2 Ne6 26. g5 h6 27. Be1 Qh5 28. Qxh5 gxh5 29. h4 hxg5 30. hxg5 Nd8 31. Bh3 Ne6 32.
Bh4 Rc7 33. Kg2 Rxa7 34. Rxa7 Kf8 35. f5 1-0

[Event "Early-Titled-Tuesday-Blitz-February-06-2024"]
[Site "Chess.com"]
[Date "2024.02.06"]
[Round "5"]
[White "jcreyes69"]
[Black "secretsuperstar7"]
[Result "0-1"]
[WhiteElo "2403"]
[BlackElo "2522"]
[TimeControl "180+1"]
[EndTime "8:55:07 PST"]
[Termination "secretsuperstar7 won by checkmate"]

1. e4 c5 2. Nf3 Nc6 3. d4 Nxd4 4. Nxd4 cxd4 5. Bc4 Nf6 6. O-O d6 7. Qxd4 e5 8. Qd3 Be7 9. f4 O-O 10. Nc3 a6 11. a4 b6 12. Be3 Bb7 13. Nd5 Nxd5 14.
Bxd5 Bxd5 15. exd5 exf4 16. Rxf4 Bf6 17. Raf1 Be5 18.
Rg4 Qd7 19. Rh4 f5 20. Rf3 Rf6 21. Bg5 Rf7 22. g4 h6 23. Be3 fxg4 24. Rxf7 Qxf7 25. Rxg4 Qh5 26. Rg2 Rf8 27. Qd2 Bxb2 28. Bxh6 Qxh6 29. Qxh6 Bd4+ 30. Kh1 Rf1+ 31. Rg1 Rxg1# 0-1

[Event "Early-Titled-Tuesday-Blitz-February-06-2024"]
[Site "Chess.com"]
[Date "2024.02.06"]
[Round "5"]
[White "cristiano78"]
[Black "AttilaTurzo"]
[Result "0-1"]
[WhiteElo "2272"]
[BlackElo "2454"]
[TimeControl "180+1"]
[EndTime "8:55:07 PST"]
[Termination "AttilaTurzo won on time"]

1. d4 Nf6 2. c3 e6 3. Nf3 c5 4. Bf4 b6 5. e3 Bb7 6. Nbd2 cxd4 7. cxd4 Be7 8. h3 O-O 9. Rc1 d6 10. Be2 Nbd7 11. O-O Rc8 12. a3 Rc7 13. Rxc7 Qc8 14. Qb1 Qxc7 15. Rc1 Qb8 16. b4 Rc8 17. Qb2 Ne4 18. Nxe4 Bxe4 19. Nd2 Bb7 20. Nb3 Nf6 21. f3 Nd5 22. Rxc8+ Qxc8 23. Qc1 Qxc1+ 24. Nxc1 g5 25. Bg3 Nxe3 26. Bf2 Nc2 27. Bd3 Nxa3 28. Na2 Bd5 29. Nc3 Bc4 30. Bxc4 Nxc4 31. Nb5 a6 32. Na7 d5 33. Nc6 Bd6 34. Ne5 Nxe5 35. dxe5 Bxe5 36. Bxb6 Bd6 37. Ba5 Kf8 38. Kf2 Ke7 39.
Ke3 Kd7 40. Kd4 f5 41. Kc3 h5 0-1

[Event "Early-Titled-Tuesday-Blitz-February-06-2024"]
[Site "Chess.com"]
[Date "2024.02.06"]
[Round "5"]
[White "Bekkedahl"]
[Black "SujanaLohani"]
[Result "1-0"]
[WhiteElo "2232"]
[BlackElo "1985"]
[TimeControl "180+1"]
[EndTime "8:55:07 PST"]
[Termination "Bekkedahl won on time"]

1. e4 c5 2. Nf3 Nc6 3. Bb5 Nd4 4. Bc4 e6 5. c3 Nc6 6. O-O a6 7. d4 cxd4 8. cxd4 d5 9. exd5 exd5 10. Re1+ Be6 11.
Bb3 Nf6 12. Nc3 Be7 13. Bg5 O-O 14.
a3 Rc8 15. Qd2 Na5 16. Ba2 Nc4 17. Bxc4 Rxc4 18. Ne5 Rc7 19. Rac1 b5 20. h3 Qa8 21. Qe3 Rfc8 22. Qg3 Qa7 23. h4 Qxd4 24. Nf3 Ne4 25. Qf4 Bxg5 26. Nxg5 Rc4 27. Red1 Qf6 28. Qe3 Nxg5 29.
hxg5 Qg6 30. Rd2 b4 31. axb4 Rxb4 32. Qe5 Rcb8 33. Nxd5 Bxd5 34. Rxd5 Rxb2 35. Qxb2 1-0

[Event "Early-Titled-Tuesday-Blitz-February-06-2024"]
[Site "Chess.com"]
[Date "2024.02.06"]
[Round "5"]
[White "KanalSzachowy"]
[Black "Mesa_1"]
[Result "0-1"]
[WhiteElo "2363"]
[BlackElo "2549"]
[TimeControl "180+1"]
[EndTime "8:55:09 PST"]
[Termination "Mesa_1 won on time"]

1. e4 c5 2. Nc3 e6 3. Nf3 a6 4. d4 cxd4 5. Nxd4 b5 6. Bd3 Bb7 7. O-O Nc6 8. Nxc6 Bxc6 9. Re1 Ne7 10. h4 Ng6 11. h5 Ne5 12. Bf4 d6 13. Bxe5 dxe5 14.
Qg4 Qf6 15. Rad1 Bc5 16. Qg3 g6 17. h6 Qf4 18. Ne2 Qxg3 19. Nxg3 Bf8 20. c4 Bxh6 21. Rc1 Bxc1 22. Rxc1 bxc4 23. Bxc4 Bb5 24. b3 Kd7 25. Nf1 Bxc4 26. bxc4 Rab8 27. c5 Rhc8 28. Ne3 Rb5 29. Nc4 Rcxc5 30. a4 Ke7 31. axb5 axb5 32. Kf1 Rxc4 33.
Rb1 b4 34. Ke2 Rxe4+ 35. Kd3 Rd4+ 36. Ke3 f5 37. f4 Re4+ 38. Kd3 Rxf4 39. g3 Rg4 40.
Ke2 Kf6 41. Rh1 h5 42. Rb1 Rd4 43. Rc1 Kg5 44. Rc7 h4 45. gxh4+ Rxh4 46. Rb7 f4 47.
Kf2 Rh2+ 48. Kg1 Rb2 49. Rb6 Kf5 50. Rd6 g5 51. Rd3 g4 0-1

[Event "Early-Titled-Tuesday-Blitz-February-06-2024"]
[Site "Chess.com"]
[Date "2024.02.06"]
[Round "5"]
[White "RianKapriaga"]
[Black "NovakRatko"]
[Result "1-0"]
[WhiteElo "2282"]
[BlackElo "2406"]
[TimeControl "180+1"]
[EndTime "8:55:09 PST"]
[Termination "RianKapriaga won by checkmate"]

1. d4 d5 2. Nf3 c5 3. e3 cxd4 4.
exd4 Nc6 5. c3 f6 6. Bb5 Bg4 7.
Nbd2 e6 8. O-O Bd6 9. Re1 Qd7 10.
h3 Bh5 11. c4 Nge7 12. cxd5 exd5 13. Nb3 O-O 14. Nc5 Bxc5 15. dxc5 a6 16. Be2 Bf7 17. Be3 Nf5 18. Bd4 Rac8 19. a3 Ncxd4 20. Nxd4 Rxc5 21.
Bg4 g6 22. Bxf5 gxf5 23. Qf3 Rc4 24. Nxf5 Bg6 25. Ne7+ Kg7 26. Nxd5 Rf7 27. Rad1 Qc6 28. Qg3 Rc2 29. Ne7 Qb5 30. Rd5 Qxb2 31. Nf5+ Kg8 32.
Rd8+ Rf8 33. Rxf8+ Kxf8 34. Qd6+ Kg8 35. Qe6+ Kf8 36.
Qe7+ Kg8 37. Qg7# 1-0

[Event "Early-Titled-Tuesday-Blitz-February-06-2024"]
[Site "Chess.com"]
[Date "2024.02.06"]
[Round "5"]
[White "Kaissa10"]
[Black "losersgame"]
[Result "0-1"]
[WhiteElo "2303"]
[BlackElo "2534"]
[TimeControl "180+1"]
[EndTime "8:55:11 PST"]
[Termination "losersgame won on time"]

1. e4 e5 2. Nf3 Nc6 3. Bb5 a6 4.
Bxc6 dxc6 5. O-O Qd6 6. d4 f6 7.
dxe5 fxe5 8. h3 Ne7 9. Nbd2 Be6 10.
Nb3 Ng6 11. Bg5 h6 12. Be3 O-O-O 13. Bc5 Qxd1 14. Raxd1 Bd6 15. Be3 Rhf8 16. Kh2 b6 17. Rd2 a5 18. Rfd1 Nf4 19. Bxb6 a4 20. Nc1 Nxh3 21. Be3 Nf4 22. Bxf4 Rxf4 23. Ne2 Rxe4 24.
Ng3 Rf4 25. Nxe5 Bxa2 26. Kg1 Re8 27. Nf3 Bd5 28. c4 Bxf3 29. gxf3 Rxf3 30. Kg2 Rb3 31. Rc1 Bf4 0-1

[Event "Early-Titled-Tuesday-Blitz-February-06-2024"]
[Site "Chess.com"]
[Date "2024.02.06"]
[Round "5"]
[White "Canal_Showdrez"]
[Black "mertfelin"]
[Result "1-0"]
[WhiteElo "2049"]
[BlackElo "2259"]
[TimeControl "180+1"]
[EndTime "8:55:11 PST"]
[Termination "Canal_Showdrez won by resignation"]

1. d4 d5 2. Nf3 Nf6 3. e3 e6 4. Bd3 c5 5. c3 Nc6 6. Ne5 c4 7.
Bc2 Nxe5 8. dxe5 Nd7 9. f4 Qh4+ 10. g3 Qh3 11. Qe2 b5 12. Nd2 Bc5 13. Nf3 Bb7 14. Bd2 a5 15. O-O-O Be7 16. Rhg1 h5 17. Nd4 b4 18.
Rdf1 O-O 19. g4 hxg4 20. Rg3 Qh6 21. Rxg4 b3 22. axb3 cxb3 23. Bb1 Ba6 24. Bd3 Bxd3 25. Qxd3 Nc5 26. Qe2 Qh7 27. f5 Kh8 28. Be1 exf5 29. Nxf5 1-0

[Event "Early-Titled-Tuesday-Blitz-February-06-2024"]
[Site "Chess.com"]
[Date "2024.02.06"]
[Round "5"]
[White "IMRosen"]
[Black "DenLaz"]
[Result "0-1"]
[WhiteElo "2695"]
[BlackElo "3055"]
[TimeControl "180+1"]
[EndTime "8:55:12 PST"]
[Termination "DenLaz won by checkmate"]

1. d4 Nf6 2. Bf4 d5 3. e3 c5 4.
Nf3 Nc6 5. Nbd2 Bg4 6. c3 e6 7.
Qa4 Bxf3 8. Nxf3 a6 9. Ne5 Rc8 10. Nxc6 Qd7 11. Bd3 Rxc6 12. O-O c4 13. Be2 Bd6 14.
Bxd6 Qxd6 15. Qc2 O-O 16. f4 b5 17. Bf3 b4 18. g3 Rb8 19. e4 dxe4 20. Bxe4 Rcb6 21. Rab1 g6 22. Bf3 bxc3 23. bxc3 Qa3 24. Rxb6 Rxb6 25. Qc1 Qxa2 26. Qa1 Qd2 27. Rf2 Qd3 28. Kg2 Rb1 29. Qa5 Kg7 30. Qe5 Qxc3 31. g4 Rb5 32. Qc7 Qxd4 33. Rc2 Rb2 34. Rxb2 Qxb2+ 35. Kg3 Qd4 36. h3 c3 37. h4 Nd5 38. Bxd5 exd5 39. f5 gxf5 40. gxf5 h5 41. f6+ Qxf6 42.
Kg2 d4 43. Qg3+ Qg6 44. Kh2 Qxg3+ 45. Kh1 Qg4 46. Kh2 c2 47. Kh1 c1=Q+ 48. Kh2 Qcg1# 0-1

[Event "Early-Titled-Tuesday-Blitz-February-06-2024"]
[Site "Chess.com"]
[Date "2024.02.06"]
[Round "5"]
[White "Zarinur"]
[Black "Andrey_Klymchuk"]
[Result "0-1"]
[WhiteElo "2503"]
[BlackElo "2762"]
[TimeControl "180+1"]
[EndTime "8:55:12 PST"]
[Termination "Andrey_Klymchuk won on time"]

1. e4 c5 2. Nf3 Nc6 3. Bb5 Nf6 4. e5 Nd5 5. Nc3 Nc7 6. Bxc6 dxc6 7. O-O Bg4 8. h3 Bh5 9. Ne4 b6 10. Ng3 Bxf3 11.
Qxf3 Qd5 12. Qe2 Ne6 13. Qe4 Rd8 14. Qxd5 Rxd5 15. f4 Nd4 16. c3 Ne6 17. f5 Nc7 18. c4 Rd3 19. Ne2 e6 20. b3 exf5 21. Rxf5 Ne6 22. Kf1 g6 23. Rf2 Bg7 24. Bb2 Rxd2 25.
Bc3 Rd3 26. Rc1 O-O 27. Ng1 Nd4 28. Bxd4 cxd4 29. Nf3 c5 30. Re2 Re8 31. Re4 Bh6 32. Rce1 Rc3 33. R1e2 d3 34. Re1 d2 35. Rd1 Rc1 36. Ke2 Rd8 37. g4 Rxd1 38. Kxd1 Rd3 39.
g5 Rxf3 40. gxh6 Rxh3 41. Kxd2 Rxh6 42. e6 Kf8 0-1

[Event "Early-Titled-Tuesday-Blitz-February-06-2024"]
[Site "Chess.com"]
[Date "2024.02.06"]
[Round "5"]
[White "cukricek"]
[Black "HansOnTwitch"]
[Result "0-1"]
[WhiteElo "2346"]
[BlackElo "3170"]
[TimeControl "180+1"]
[EndTime "8:55:14 PST"]
[Termination "HansOnTwitch won by resignation"]

1. g3 d5 2. Nf3 Nc6 3. d4 Bf5 4. Bg2 e6 5. c4 Nb4 6. Na3 Nf6 7. O-O c6 8. Bd2 a5 9. Ne5 Be7 10. Bxb4 axb4 11. Nc2 O-O 12. a3 bxa3 13. Nxa3 Qb6 14. Ra2 Rfd8 15. c5 Qb4 16. e3 h6 17. Nd3 Qa4 18. Ra1 Ne4 19. Nc1 Qb4 20. Qb3 Ra4 21. Qxb4 Rxb4 22. Nd3 Rb3 23. Rfd1 Ra8 24. Nc2 Rxa1 25.
Nxa1 Rb5 26. b4 Nc3 27. Rd2 b6 28. Nc2 bxc5 29. dxc5 Bf6 30. Bf1 Rb8 31. f3 e5 32. g4 Bg6 33. f4 exf4 34. exf4 Be4 35. Bg2 Ra8 36. Bxe4 dxe4 37. Ne5 Bxe5 38. fxe5 Ra2 39.
Rd8+ Kh7 40. Nd4 e3 41. Rd7 Rd2 42. Rd6 Rxd4 0-1

[Event "Early-Titled-Tuesday-Blitz-February-06-2024"]
[Site "Chess.com"]
[Date "2024.02.06"]
[Round "5"]
[White "FM_VS99"]
[Black "Szparu"]
[Result "0-1"]
[WhiteElo "2621"]
[BlackElo "2822"]
[TimeControl "180+1"]
[EndTime "8:55:15 PST"]
[Termination "Szparu won on time"]

1. d4 d5 2. Nf3 c5 3. c4 e6 4. cxd5 exd5 5. g3 Nf6 6. Bg2 Be7 7.
O-O O-O 8. Nc3 Nc6 9. dxc5 Bxc5 10. a3 h6 11. b4 Be7 12. Bb2 Bg4 13. h3 Bh5 14. e3 Ne5 15. g4 Nc4 16. gxh5 Nxb2 17. Qb3 Nc4 18. Rad1 Nb6 19. Ne5 Bd6 20. Nd3 Rc8 21.
Nb5 Bb8 22. Rc1 Nxh5 23. Rxc8 Qxc8 24. Rc1 Qd7 25. Nd4 Nc4 26. Qd1 Nf6 27. Nc5 Qd6 28. Nxb7 Qh2+ 29. Kf1 Re8 30. Nf5 Ne4 31. Bxe4 dxe4 32.
Qg4 Nd2+ 33. Ke2 Be5 34. Nbd6 Nb3 35. Nxg7 Nxc1+ 0-1

[Event "Early-Titled-Tuesday-Blitz-February-06-2024"]
[Site "Chess.com"]
[Date "2024.02.06"]
[Round "5"]
[White "Cheer_Down"]
[Black "KnightmareJoker"]
[Result "1-0"]
[WhiteElo "2516"]
[BlackElo "2167"]
[TimeControl "180+1"]
[EndTime "8:55:15 PST"]
[Termination "Cheer_Down won by resignation"]

1. d4 d5 2. Nf3 Nf6 3. c4 e6 4.
Nc3 Be7 5. Bf4 O-O 6. e3 b6 7. cxd5 Nxd5 8. Nxd5 exd5 9. Bd3 Be6 10. O-O c5 11.
Rc1 c4 12. Bb1 Nc6 13. e4 b5 14. Re1 Qd7 15. exd5 Bxd5 16. Ne5 Nxe5 17. Rxe5 Bf6 18. Qh5 g6 19. Rxd5 Qe6 20. Qf3 Rfe8 21. Be3 a6 22. g3 Bg7 23. b3 cxb3 24. axb3 Rac8 25. Rcc5 Red8 26. b4 Rxd5 27. Qxd5 Qg4 28. Be4 Rf8 29. Bf3 Qh3 30. Bg2 Qg4 31. Qf3 Qe6 32. d5 Qe5 33. h4 Qa1+ 34. Kh2 Qe5 35. Qe4 Qb8 36. Bf4 Qc8 37. Rxc8 1-0

[Event "Early-Titled-Tuesday-Blitz-February-06-2024"]
[Site "Chess.com"]
[Date "2024.02.06"]
[Round "5"]
[White "AnaKuchava"]
[Black "Chernyavsky_A"]
[Result "0-1"]
[WhiteElo "2192"]
[BlackElo "2396"]
[TimeControl "180+1"]
[EndTime "8:55:15 PST"]
[Termination "Chernyavsky_A won on time"]

1. d4 Nf6 2. Nf3 g6 3. c4 Bg7 4. Nc3 O-O 5. e4 d6 6. Be2 e5 7.
O-O Nc6 8. Be3 Ng4 9. Bg5 f6 10. Bc1 Nh6 11. dxe5 fxe5 12. Bg5 Qe8 13. Nd5 Rf7 14. h3 Kh8 15. Qd2 Ng8 16. b4 h6 17.
Be3 Be6 18. b5 Nd8 19. c5 c6 20. bxc6 bxc6 21. Nb4 a5 22. Nd3 Nf6 23. cxd6 Nxe4 24.
Qc2 Bd5 25. Nc5 Nxc5 26. Bxc5 Ne6 27. Ba3 Bxf3 28. Bxf3 Nd4 29. Qxg6 Nxf3+ 30. gxf3 Rxf3 31. Qxe8+ Rxe8 32. d7 Rd8 33. Bb2 Rxd7 34. Kg2 Rf5 35. Rac1 Rd2 36. Ba3 Rxa2 37. Bc5 e4 38. Be3 Rf3 39. Rfd1 Rxe3 0-1

[Event "Early-Titled-Tuesday-Blitz-February-06-2024"]
[Site "Chess.com"]
[Date "2024.02.06"]
[Round "5"]
[White "maurovargas01"]
[Black "eightbyeightchess"]
[Result "0-1"]
[WhiteElo "1892"]
[BlackElo "2354"]
[TimeControl "180+1"]
[EndTime "8:55:16 PST"]
[Termination "eightbyeightchess won on time"]

1. e4 d5 2. e5 c5 3. f4 Nc6 4. Nf3 Bf5 5. Bb5 d4 6. Bxc6+ bxc6 7. d3 e6 8. Nbd2 Ne7 9. Nc4 Nd5 10. O-O Be7 11. Qe1 Rb8 12. a3 O-O 13. b3 Bg4 14.
Nfd2 Bh4 15. g3 Be7 16. Ne4 f5 17. exf6 Bxf6 18. Nxc5 Nc3 19. Rf2 Nd1 20. Rd2 Ne3 21.
Ne4 Nxc4 22. Nxf6+ Qxf6 23. dxc4 d3 24. Rxd3 Qxa1 25. Kg2 Rbd8 26. Re3 Rd1 27. Qb4 Qxc1 0-1

[Event "Early-Titled-Tuesday-Blitz-February-06-2024"]
[Site "Chess.com"]
[Date "2024.02.06"]
[Round "5"]
[White "Louis-Paulsen-Fan"]
[Black "campochess"]
[Result "1-0"]
[WhiteElo "2268"]
[BlackElo "2072"]
[TimeControl "180+1"]
[EndTime "8:55:16 PST"]
[Termination "Louis-Paulsen-Fan won by resignation"]

1. d4 c5 2. d5 Nf6 3. c4 g6 4. Nc3 Bg7 5. e4 d6 6. f4 a6 7.
a4 O-O 8. Bd3 e6 9. Nf3 exd5 10.
cxd5 Nbd7 11. O-O Re8 12. Re1 Ng4 13. h3 c4 14. hxg4 cxd3 15. Qxd3 Nc5 16. Qc2 Bxg4 17. Be3 Bxf3 18. gxf3 Rc8 19. Rad1 Qh4 20. Re2 Qg3+ 21.
Rg2 Qxf3 22. Bd4 Bxd4+ 23. Rxd4 Qxf4 24. Qe2 Re5 25. Rg4 Rg5 26. Rxg5 Qxg5+ 27. Kf1 Re8 28.
b4 Qc1+ 29. Nd1 Qf4+ 30. Nf2 Nxa4 31. Rc4 Nb6 32. Rc7 f5 33. Rxb7 Na4 34. Qxa6 Nb2 35. Qa7 Qc1+ 36. Kg2 Qg5+ 37. Kf1 Qf6 38. exf5 gxf5 39.
Rxh7 Nc4 40. Rh2 Re7 41. Qa8+ Kg7 42. Qh8+ Kf7 43. Rh7+ 1-0

[Event "Early-Titled-Tuesday-Blitz-February-06-2024"]
[Site "Chess.com"]
[Date "2024.02.06"]
[Round "5"]
[White "FMCarmona"]
[Black "rikchessmx"]
[Result "0-1"]
[WhiteElo "2149"]
[BlackElo "2313"]
[TimeControl "180+1"]
[EndTime "8:55:17 PST"]
[Termination "rikchessmx won on time"]

1. e4 c5 2. Nf3 e6 3. d4 cxd4 4. Nxd4 a6 5. Nc3 Qc7 6. Bd3 Nf6 7. O-O h5 8. h3 Bc5 9. Nb3 Ba7 10. Qf3 Nc6 11. Bf4 d6 12. Qg3 Ke7 13. Rfe1 Bd7 14. Rad1 h4 15. Qh2 Ne5 16. Be3 Bxe3 17. Rxe3 Rag8 18. Kh1 g5 19. f4 Neg4 20. hxg4 Nxg4 21. Qg1 gxf4 22. Rh3 Ne3 23. Rxe3 fxe3 24. Qxe3 h3 25.
g3 Bc6 26. Kh2 Rg4 27. Nd5+ exd5 28. exd5+ Kf8 29. dxc6 Qxc6 30. Rd2 Rhg8 31. Qh6+ Ke7 32. Re2+ Kd8 33. Qf6+ Kc7 34. Qxf7+ Kb8 0-1

[Event "Early-Titled-Tuesday-Blitz-February-06-2024"]
[Site "Chess.com"]
[Date "2024.02.06"]
[Round "5"]
[White "GMT4114"]
[Black "yuriydovzik"]
[Result "1-0"]
[WhiteElo "1974"]
[BlackElo "2212"]
[TimeControl "180+1"]
[EndTime "8:55:17 PST"]
[Termination "GMT4114 won on time"]

1. e4 a6 2. d4 b5 3. Bd3 e6 4. Qe2 c5 5. c3 Nf6 6. Be3 d6 7.
Nd2 e5 8. dxe5 dxe5 9. h3 Nbd7 10.
Ngf3 Bd6 11. Rd1 Qc7 12. Nf1 O-O 13. Ng3 g6 14. O-O Re8 15. Bc2 Nf8 16. Bg5 Kg7 17. Qe3 Ng8 18. Ne2 f6 19. Bh4 g5 20. Bg3 Ng6 21. Qd3 Bf8 22. Rfe1 Be6 23. b3 Rad8 24.
Qe3 Nf4 25. Nd2 Ne7 26. Nf1 Neg6 27. Qc1 h5 28. Bxf4 gxf4 29. f3 Kf7 30. Qb2 c4 31.
Nc1 Bc5+ 32. Kh1 1-0

[Event "Early-Titled-Tuesday-Blitz-February-06-2024"]
[Site "Chess.com"]
[Date "2024.02.06"]
[Round "5"]
[White "nihalsarin"]
[Black "Hovik_Hayrapetyan"]
[Result "1-0"]
[WhiteElo "3128"]
[BlackElo "2899"]
[TimeControl "180+1"]
[EndTime "8:55:18 PST"]
[Termination "nihalsarin won by resignation"]

1. a3 Nf6 2. Nf3 d5 3. e3 c5 4. b4 e6 5. bxc5 Bxc5 6. Bb2 O-O 7. d4 Bd6 8. Nbd2 b5 9. Be2 Bb7 10. O-O a6 11. a4 b4 12. c4 bxc3 13. Bxc3 Ne4 14.
Nxe4 dxe4 15. Ne5 Nd7 16. Rb1 Bd5 17. a5 Qc7 18. Nxd7 Bxh2+ 19. Kh1 Qxd7 20. g3 Bxg3 21. fxg3 Qc7 22. Be1 f5 23. Kg1 g5 24. Rc1 Qg7 25. Bc4 f4 26. Bxd5 exd5 27. Qg4 fxe3 28. Rxf8+ Rxf8 29. Bb4 h5 30. Bxf8 Qf6 31. Qxh5 Qf2+ 32. Kh1 Qf3+ 33.
Qxf3 exf3 34. Bh6 e2 35. Kg1 g4 36. Kf2 1-0

[Event "Early-Titled-Tuesday-Blitz-February-06-2024"]
[Site "Chess.com"]
[Date "2024.02.06"]
[Round "5"]
[White "Ditman2007"]
[Black "WhiteKnight2612"]
[Result "1-0"]
[WhiteElo "2677"]
[BlackElo "2852"]
[TimeControl "180+1"]
[EndTime "8:55:18 PST"]
[Termination "Ditman2007 won by checkmate"]

1. e4 c5 2. Nf3 Nc6 3. d4 cxd4 4.
Nxd4 Nf6 5. Nc3 e5 6. Ndb5 d6 7. Bg5 a6 8. Na3 b5 9. Nd5 Be6 10. Bxf6 gxf6 11. c3 Be7 12. g3 f5 13.
Bg2 fxe4 14. Bxe4 Rc8 15. O-O h5 16. Nc2 h4 17. Nce3 Qd7 18. Qf3 Bd8 19. Rad1 hxg3 20.
fxg3 Kf8 21. Nf5 Ne7 22. Qg4 Rg8 23. Qh3 Nxd5 24. Bxd5 Bb6+ 25. Kh1 Bxd5+ 26. Rxd5 Rc6 27. Qh6+ Ke8 28. Nxd6+ Rxd6 29. Qxd6 Qb7 30. Qxe5+ Kf8 31. Qd6+ Kg7 32. Rf3 Re8 33. Qf6+ Kf8 34. Qh8+ Ke7 35. Re5+ Kd6 36. Qf6+ Re6 37. Rxe6+ fxe6 38. Kg2 Qd5 39. Qf4+ e5 40. Qf6+ Kc5 41. Qe7+ Kc4 42. b3# 1-0

[Event "Early-Titled-Tuesday-Blitz-February-06-2024"]
[Site "Chess.com"]
[Date "2024.02.06"]
[Round "5"]
[White "Elnaz_Kaliakhmet"]
[Black "Yurovskykh_Oleksandr"]
[Result "0-1"]
[WhiteElo "2233"]
[BlackElo "2635"]
[TimeControl "180+1"]
[EndTime "8:55:18 PST"]
[Termination "Yurovskykh_Oleksandr won by resignation"]

1. e4 e6 2. d4 d5 3. Nc3 dxe4 4. Nxe4 Bd7 5. Nf3 Bc6 6. Bd3 Nd7 7. O-O Ngf6 8. Bg5 Be7 9. Nxf6+ Bxf6 10. Bxf6 Qxf6 11.
c3 Bxf3 12. Qxf3 Qxf3 13. gxf3 Nf6 14. a4 a5 15. Be4 O-O-O 16. Rfd1 c6 17. Bd3 Kc7 18.
Kg2 Rd5 19. Be4 Rg5+ 20. Kf1 g6 21. Ke2 Rh5 22. Rh1 Rd8 23. Rag1 c5 24. dxc5 Rxc5 25. Rd1 Rxd1 26. Rxd1 Rh5 27. Rh1 Nd7 28. f4 Nc5 29.
Bf3 Rh4 30. Ke3 Nxa4 31. Ra1 Nxb2 32. Rb1 Nc4+ 33. Kd3 Nd6 34. Ke3 Rxh2 35. Ra1 b6 36.
Rd1 Rh3 37. Ke2 Rh4 38. Ke3 Nf5+ 39. Ke4 Rh2 40. Rd2 f6 41. Bd1 Rh4 42. f3 g5 43.
Kd3 Rxf4 44. Ke2 h5 45. Bb3 e5 46. Be6 Nd6 47. Ke3 Nc4+ 48. Bxc4 Rxc4 49. Kd3 b5 50. Rh2 h4 51. Ra2 a4 52. Rh2 a3 53. Ra2 Ra4 54.
Ke3 h3 55. Kf2 f5 56. Kg3 g4 57. fxg4 fxg4 58. Kh2 e4 59. Kg3 e3 60. Kh2 e2 61.
Ra1 a2 62. Kg3 e1=Q+ 63. Rxe1 a1=Q 64. Re7+ Kd6 0-1

[Event "Early-Titled-Tuesday-Blitz-February-06-2024"]
[Site "Chess.com"]
[Date "2024.02.06"]
[Round "5"]
[White "Kapitan_Bayan"]
[Black "frequentblunders"]
[Result "1-0"]
[WhiteElo "2390"]
[BlackElo "2181"]
[TimeControl "180+1"]
[EndTime "8:55:18 PST"]
[Termination "Kapitan_Bayan won on time"]

1. e4 d6 2. d4 g6 3. c4 Bg7 4. Nc3 Nd7 5. f4 c5 6. d5 e5 7. Nf3 Ne7 8. Nb5 Qb6 9. a4 a5 10. Be2 O-O 11. O-O f5 12. Ng5 exf4 13. Ne6 Be5 14.
Nxf8 Nxf8 15. Bxf4 fxe4 16. Bxe5 dxe5 17. Bg4 Nf5 18.
Bxf5 gxf5 19. Qh5 Qg6 20. Qh4 Bd7 21. Ra3 Bxb5 22. axb5 f4 23. g3 f3 24. Re3 Re8 25.
Qxe4 1-0

[Event "Early-Titled-Tuesday-Blitz-February-06-2024"]
[Site "Chess.com"]
[Date "2024.02.06"]
[Round "5"]
[White "Ginger_GM"]
[Black "SantoBlue"]
[Result "0-1"]
[WhiteElo "2683"]
[BlackElo "3001"]
[TimeControl "180+1"]
[EndTime "8:55:19 PST"]
[Termination "SantoBlue won by resignation"]

1. f4 d5 2. e3 c5 3. Nf3 Nc6 4. Bb5 Bd7 5. b3 e6 6. Bb2 Nge7 7. O-O a6 8. Be2 Nf5 9. c4 d4 10. e4 Nd6 11. d3 Be7 12. Nbd2 f6 13. Qe1 O-O 14. Qg3 Rf7 15. h4 Nb4 16. Rfc1 Qc7 17. a3 Nc6 18. h5 Kh8 19. Nh4 e5 20. f5 h6 21. Ng6+ Kg8 22. b4 cxb4 23. c5 Nb5 24. Bd1 bxa3 25. Bxa3 Nc3 26. Qf2 Nxd1 27. Rxd1 Bd8 28.
Nc4 Be7 29. Nb6 Re8 30. Nd5 Qd8 31. Qg3 Bf8 32. Rdb1 Bxf5 33. Nxf6+ Qxf6 34. exf5 Qxf5 35. Rf1 Qxh5 36. Rxf7 Kxf7 37. Rf1+ Kg8 38. Nh4 Qg5 39. Qh3 Qe3+ 40. Qxe3 dxe3 41. Re1 b5 42. Rxe3 b4 0-1

[Event "Early-Titled-Tuesday-Blitz-February-06-2024"]
[Site "Chess.com"]
[Date "2024.02.06"]
[Round "5"]
[White "platy3"]
[Black "pavet"]
[Result "1-0"]
[WhiteElo "2935"]
[BlackElo "2775"]
[TimeControl "180+1"]
[EndTime "8:55:20 PST"]
[Termination "platy3 won by resignation"]

1. e4 e5 2. Nf3 Nc6 3. Bc4 Bc5 4. d3 Nf6 5. O-O d6 6. a4 a6 7. Be3 Ba7 8. c3 O-O 9. h3 Be6 10. Bxe6 fxe6 11. Nbd2 Qe8 12. Qb3 Bxe3 13. fxe3 Rb8 14. Rf2 h6 15. Raf1 b5 16. axb5 axb5 17. g4 Nd7 18. d4 exd4 19. exd4 Qe7 20. Qc2 e5 21. Qb3+ Qf7 22. Qxf7+ Rxf7 23. Ra1 exd4 24. Nxd4 Nxd4 25. cxd4 Rxf2 26. Kxf2 c5 27. Ra7 Nf6 28. d5 Kf8 29. Ke3 Re8 30. Kd3 Re7 31. Ra6 Ne8 32. Rb6 Rf7 33. Rxb5 Rf2 34. Rb8 Ke7 35.
Rb7+ Kf8 36. e5 dxe5 37. Ne4 Rf3+ 38. Ke2 Rf4 39. Nxc5 Nd6 40. Ne6+ 1-0